[Event "Spring Chess Classic B 2024"]
[Site "Saint Louis"]
[Date "2024.04.19"]
[Round "9.2"]
[White "Van Foreest, Lucas"]
[Black "Budisavljevic, Luka"]
[Result "1/2-1/2"]
[ECO "B13"]
[WhiteElo "2512"]
[BlackElo "2483"]
[Annotator "TA"]
[PlyCount "66"]
[EventDate "2024.04.11"]
[EventCountry "USA"]
[SourceTitle "playchess.com"]
[Source "ChessBase"]
[SourceQuality "1"]
[TimeControl "7200+30"]

1. d4 Nf6 2. Nc3 d5 3. Bf4 c5 4. e3 cxd4 5. exd4 a6 {[%emt 0:00:20] The position is equal.} 6. Nf3 Nc6 7. Ne5 e6 8. Nxc6 bxc6 9. Na4 Bd6 10. Bxd6 Qxd6 11. Bd3 a5 12. O-O Ba6 13. Re1 O-O 14. Rc1 Bxd3 15. Qxd3 Rfe8 16. h3 e5 17. dxe5 Rxe5 18. Rxe5 Qxe5 19. Rd1 Re8 20. Nc3 h6 21. a3 Re6 22. b4 axb4 23. axb4 Ne4 24. Nxe4 Qxe4 25. Qxe4 Rxe4 $11 {[%emt 0:00:02][%mdl 4096] Endgame. KR-KR} 26. b5 cxb5 27. Rxd5 Re1+ 28. Kh2 Re2 29. f3 Rxc2 30. Rxb5 Rd2 31. Ra5 Rc2 32. Rb5 Rd2 33. Ra5 Rc2 {[%emt 0:00:05] An uneventful encounter.   Weighted Error Value: White=0.04 (flawless) /Black=0.04 (flawless) .  OK:         	White=9     	Black=5      Best:        	White=1     	---} 1/2-1/2

[Event "Spring Chess Classic B 2024"]
[Site "Saint Louis"]
[Date "2024.04.19"]
[Round "9.3"]
[White "Stearman, Josiah"]
[Black "Kevlishvili, Robby"]
[Result "1/2-1/2"]
[ECO "D14"]
[WhiteElo "2462"]
[BlackElo "2524"]
[Annotator "TA"]
[PlyCount "35"]
[EventDate "2024.04.11"]
[EventCountry "USA"]
[SourceTitle "playchess.com"]
[Source "ChessBase"]
[SourceQuality "1"]
[TimeControl "7200+30"]

1. c4 c6 2. Nc3 d5 3. cxd5 cxd5 4. d4 Nf6 5. Bf4 Nc6 6. Nf3 Bf5 7. e3 e6 8. Bd3 Bxd3 9. Qxd3 Bd6 10. Bxd6 Qxd6 11. O-O O-O 12. Rfc1 Rfc8 13. h3 h6 {[%emt 0:00:35] The position is equal.} 14. Nd2 Nd7 15. Nb5 Qe7 16. Nc3 Qd6 17. Nb5 Qe7 18. Nc3 {[%emt 0:00:04] Not much happened in this game.   Weighted Error Value: White=0.00 (flawless) /Black=0.00 (flawless) .  OK:         	---       	Black=1} 1/2-1/2

[Event "Spring Chess Classic B 2024"]
[Site "Saint Louis"]
[Date "2024.04.19"]
[Round "9.4"]
[White "Kantor, Gergely"]
[Black "Ali Marandi, Cemil Can"]
[Result "1/2-1/2"]
[ECO "D46"]
[WhiteElo "2527"]
[BlackElo "2516"]
[Annotator "TA"]
[PlyCount "45"]
[EventDate "2024.04.11"]
[EventCountry "USA"]
[SourceTitle "playchess.com"]
[Source "ChessBase"]
[SourceQuality "1"]
[TimeControl "7200+30"]

1. d4 d5 2. c4 c6 3. Nf3 Nf6 4. Nc3 e6 5. e3 Nbd7 6. Qc2 Bd6 7. Bd3 O-O 8. O-O e5 9. cxd5 cxd5 10. e4 dxe4 11. Nxe4 Nxe4 12. Bxe4 h6 13. Be3 exd4 14. Bh7+ Kh8 15. Bxd4 Nf6 16. Bf5 Qa5 17. Bxc8 Rfxc8 {[%emt 0:04:37] White has an edge.} 18. Qb3 {[%emt 0:02:10][%csl LRb7,LRf7][%cal Od4f6] [#] Black must now prevent Bxf6!} Qd5 19. Qd1 {[%emt 0:08:14] aiming for Bxf6.} Qf5 20. Nh4 Qg5 21. Nf3 Qf5 22. Nh4 Qg5 23. Nf3 {[%emt 0:00:04] Weighted Error Value: White=0.07 (flawless) /Black=0.01 (flawless) .  Inaccurate:     	White=2     	---        OK:         	White=4     	Black=4      Best:        	---       	Black=1} 1/2-1/2